 Dungeon Crawl Stone Soup version 0.14-a0-3472-gf2e932f (webtiles) character file.

7608 KaKa the Archer (level 10, -1/68 (73) HPs)
             Began as a Demonspawn Hunter on Mar 23, 2014.
             Was an Elder of Makhleb.
             Slain by a wolf (11 damage)
             ... on Level 10 of the Dungeon on Mar 24, 2014.
             The game lasted 01:27:36 (11741 turns).

KaKa the Archer (Demonspawn Hunter)                Turns: 11741, Time: 01:27:36

HP  -1/68 (73)   AC  7     Str 12      XL: 10   Next: 92%
MP   0/19        EV 17     Int 15      God: Makhleb [****..]
Gold 214         SH  0     Dex 15      Spells:  0 memorised,  9 levels left

rFire  + . .     SeeInvis .     b - +1 bow
rCold  . . .     Clarity  .     T - +2 robe {rF+}
rNeg   . . .     Conserve +     (no shield)
rPois  .         rCorr    .     d - +0 hat
rElec  .         rRot     .     u - +0 cloak
SustAb . .       Spirit   +     C - +1 pair of gloves
rMut   .         Warding  .     (no boots)
Saprov + . .     Stasis   .     F - amulet of conservation
MR     +....                    o - ring of protection from magic
                                D - ring of wizardry

@: very slightly contaminated, somewhat resistant to hostile enchantments,
stealthy
A: hooves 2, repulsion field 2, saprovore 1, magic shield
a: Minor Destruction, Lesser Servant of Makhleb, Major Destruction, Renounce
Religion


You were on level 10 of the Dungeon.
You worshipped Makhleb.
Makhleb was greatly pleased with you.
You were not hungry.

You visited 2 branches of the dungeon, and saw 11 of its levels.
You also visited: Ossuary.

You collected 464 gold pieces.
You spent 250 gold pieces at shops.

Inventory:

Hand weapons
 a - a +4,+2 dagger of venom
 b - a +1,+1 bow (weapon)
Missiles
 c - 80 arrows (quivered)
 B - 2 throwing nets
Armour
 d - a +0 hat (worn)
 i - a +0 buckler
 u - a +0 cloak (worn)
 A - a +2 robe of cold resistance
 C - a +1 pair of gloves (worn)
 S - a troll hide
 T - a +2 robe of fire resistance (worn)
Magical devices
 j - a wand of draining (1)
 s - a wand of fire (0)
 t - a wand of random effects (7)
 G - a wand of frost (9) {unknown}
 I - a wand of lightning (4)
 O - a wand of lightning (5)
 Q - a wand of confusion (11) {unknown}
Comestibles
 f - 5 bread rations
 n - 4 meat rations
 H - a beef jerky
 M - a chunk of shark flesh
 P - a honeycomb
 R - a chunk of troll flesh
Scrolls
 e - 4 scrolls of teleportation
 h - 5 scrolls of remove curse
 l - 5 scrolls of identify
 p - a scroll of vulnerability {unknown}
 q - 2 scrolls of immolation
 z - 3 scrolls of noise
 K - a scroll of recharging
Jewellery
 o - a ring of protection from magic (right hand)
 y - an uncursed amulet of rage {unknown}
 D - a ring of wizardry (left hand)
 E - a cursed amulet of the gourmand
 F - an amulet of conservation (around neck)
 N - an uncursed ring of flight
Potions
 g - 7 potions of brilliance
 m - 2 potions of invisibility
 r - 3 potions of restore abilities
 v - a potion of agility
 w - 3 potions of curing
 x - a potion of lignification {unknown}
 J - a potion of resistance {unknown}
 V - a potion of confusion {unknown}
Books
 k - a Necronomicon {highlevel, unknown}

   This book is beyond your current level of understanding.

   Spells                             Type                      Level
   Haunt                              Necromancy/Summoning         7
   Borgnjor's Revivification          Necromancy                   8
   Death's Door                       Charms/Necromancy            8
   Necromutation                      Transmutation/Necromancy     8


   Skills:
 + Level 4.6 Fighting
 - Level 13.0 Bows
 + Level 4.6 Dodging
 - Level 4.4 Stealth
 - Level 5.9 Invocations


You had 9 spell levels left.
You didn't know any spells.

Dungeon Overview and Level Annotations

Branches:
Dungeon (10/15)            Temple (1/1) D:7            Lair (0/8) D:10
    Orc: D:9-12

Altars:
Ashenzari
Cheibriados
Dithmenos
Elyvilon
Fedhas
Kikubaaqudgha
Makhleb
Nemelex Xobeh
Okawaru
Sif Muna
Trog
Vehumet
Xom
Yredelemnul
Zin
The Shining One

Shops:
D:8 =


Innate Abilities, Weirdness & Mutations

You have hoof-like feet.
You are surrounded by a moderate repulsion field (EV +3).
You can tolerate rotten meat.
When hurt, damage is shared between your health and your magic reserves.


Message History

Press: ? - help, Shift-Dir - straight line, f/p - wolf
Aim: a wolf (heavily wounded)
You shoot an arrow. The arrow misses the wolf.
The arrow hits the shark.
The shark is moderately wounded.
The wolf misses you.
Use which ability? (? or * to list)
Okay, then.
Firing (i - inventory. (,) - cycle):
c - 81 arrows (quivered)
Press: ? - help, Shift-Dir - straight line, f/p - wolf
Aim: a wolf (heavily wounded)
You shoot an arrow. The arrow misses the wolf.
The arrow hits the shark.
The shark is lightly wounded.
You hear a splash.
The wolf bites you!
* * * LOW HITPOINT WARNING * * *
The wolf bites you!
* * * LOW HITPOINT WARNING * * *
Drink which item? (? for menu, Esc to quit)
You feel better. The wolf bites you!
You die...

######################
#.....................
#...######.......<....
#...# #.!..........
#...# #....)..<....
#...# ##.........$..
#...# #..........≈≈≈
#...#####....≈....≈≈≈≈
#....@h..(.;(;..≈≈≈≈≈≈
#...###'#...≈.≈.≈≈≈≈≈≈
#...#...%...≈≈≈≈≈≈≈≈;≈
#...#......≈≈≈≈≈≈≈.≈.≈
#...#......≈≈≈≈≈≈≈≈...
#.(.#................>
#...#......≈≈≈≈≈≈.≈≈.
#...#####.....≈≈≈≈..
#..........≈≈≈≈≈≈≈≈≈


You could see 2 sharks and a wolf.

Vanquished Creatures
  A feature mimic (D:9)
  2 trolls
  The ghost of KTyJLXy the Magician, an average DrWz (D:6)
  2 sharks (D:10)
  A two-headed ogre (D:8)
  A deep elf fighter (D:9)
  A hippogriff (D:9)
  A wolf (D:10)
  A necrophage (D:9)
  2 water moccasins
  3 ice beasts
  2 sky beasts
  6 phantoms
  A black bear (D:7)
  3 centaurs
  2 ogres
  4 giant frogs
  Sigmund (D:6)
  A gnoll sergeant (D:6)
  A cyclops skeleton (D:9)
  5 scorpions
  6 killer bees (D:7)
  14 wights
  2 troll skeletons
  4 bog bodies (Ossuary)
  2 centaur zombies
  6 crimson imps
  An electric eel (D:10)
  3 goliath beetles
  A giant frog zombie (Ossuary)
  A big fish (D:10)
  Crazy Yiuf (D:2)
  A centaur skeleton (D:6)
  7 hounds
  4 iguanas
  2 jellies
  3 orc wizards
  4 worker ants
  A sky beast zombie (D:7)
  Jessica (D:2)
  3 ogre zombies
  An ogre skeleton (D:4)
  Terence (D:2)
  11 mummies
  9 adders
  11 gnolls
  5 green rats (D:9)
  A shadow imp (D:8)
  A giant mite (D:2)
  An inept feature mimic (D:3)
  3 worms
  An adder zombie (Ossuary)
  An iguana zombie (Ossuary)
  2 giant eyeballs
  7 giant geckos
  14 orcs
  6 giant cockroaches
  2 giant mite zombies (Ossuary)
  19 goblins
  13 hobgoblins
  2 oozes
  2 ball pythons
  19 bats
  A giant cockroach zombie (Ossuary)
  4 giant newts
  2 giant spores
  A goblin zombie (Ossuary)
  A hobgoblin zombie (Ossuary)
  10 jackals
  21 kobolds
  3 kobold zombies
  3 orc zombies
  2 quokkas
  19 rats
  3 rat zombies (Ossuary)
  4 ballistomycetes (D:7)
  A fungus (D:9)
316 creatures vanquished.

Vanquished Creatures (collateral kills)
  A steam dragon (D:10)
  A hippogriff (D:9)
  An ogre (D:9)
  A centaur (D:9)
  A troll zombie (D:9)
  An orc wizard (D:10)
6 creatures vanquished.

Vanquished Creatures (others)
  A smoke demon (D:10)
  A yellow wasp (D:7)
  A ballistomycete (D:6)
3 creatures vanquished.

Grand Total: 325 creatures vanquished

Notes
Turn   | Place    | Note
--------------------------------------------------------------
     0 | D:1      | KaKa, the Demonspawn Hunter, began the quest for the Orb.
     0 | D:1      | Reached XP level 1. HP: 15/15 MP: 1/1
   415 | D:1      | Reached skill level 4 in Bows
   436 | D:1      | Gained mutation: When hurt, damage is shared between your health and your magic reserves. [demonic ancestry]
   436 | D:1      | Reached XP level 2. HP: 21/21 MP: 2/2
  1150 | D:2      | Reached XP level 3. HP: 26/26 MP: 3/3
  1371 | D:2      | Reached skill level 5 in Bows
  1469 | D:2      | Noticed Jessica
  1470 | D:2      | Noticed Terence
  1481 | D:2      | Gained mutation: You are surrounded by a mild repulsion field (EV +2). [demonic ancestry]
  1481 | D:2      | Reached XP level 4. HP: 23/32 MP: 4/4
  1493 | D:2      | Killed Terence
  1495 | D:2      | Killed Jessica
  1903 | D:2      | You fall through a shaft for 2 floors!
  1903 | D:4      | Noticed an ogre
  1910 | D:5      | Entered Level 5 of the Dungeon
  1917 | D:5      | Gained mutation: You have large cloven feet. [demonic ancestry]
  1917 | D:5      | Reached XP level 5. HP: 24/37 MP: 5/5
  2087 | D:4      | Noticed a phantom
  2253 | D:5      | Reached skill level 6 in Bows
  2643 | D:2      | Noticed Crazy Yiuf
  2658 | D:2      | Killed Crazy Yiuf
  2658 | D:2      | Gained mutation: You are surrounded by a moderate repulsion field (EV +3). [demonic ancestry]
  2658 | D:2      | Reached XP level 6. HP: 38/43 MP: 4/6
  3580 | D:4      | Reached skill level 7 in Bows
  3632 | D:4      | Found a blossoming altar of Fedhas.
  3632 | D:4      | Found a deep blue altar of Sif Muna.
  3677 | D:4      | Killed a phantom
  3778 | D:4      | Gained mutation: You can tolerate rotten meat. [demonic ancestry]
  3778 | D:4      | Reached XP level 7. HP: 46/48 MP: 7/7
  3840 | D:4      | Killed an ogre
  3840 | D:4      | Reached skill level 8 in Bows
  4052 | D:5      | Found a shadowy altar of Dithmenos.
  4052 | D:5      | Noticed a phantom
  4062 | D:5      | Killed a phantom
  4090 | D:5      | Noticed a phantom
  4097 | D:5      | Killed a phantom
  4427 | D:6      | Noticed KTyJLXy's ghost (average DrWz)
  4446 | D:6      | Killed KTyJLXy's ghost
  4446 | D:6      | Reached skill level 9 in Bows
  4446 | D:6      | Reached XP level 8. HP: 32/54 MP: 4/8
  5172 | D:6      | Reached skill level 10 in Bows
  5464 | D:6      | Found a sparkling altar of Nemelex Xobeh.
  5653 | D:6      | Noticed Sigmund
  5659 | D:6      | Killed Sigmund
  5965 | D:7      | Reached skill level 11 in Bows
  6009 | D:7      | Found a sand-covered staircase.
  6027 | Ossuary  | Entered an ossuary
  6231 | Ossuary  | Reached XP level 9. HP: 54/59 MP: 7/9
  6232 | Ossuary  | Upgraded the game from 0.14-a0-3445-g2afddda to 0.14-a0-3472-gf2e932f
  6485 | Ossuary  | Paralysed by a potion of paralysis for 3 turns
  6825 | D:7      | Reached skill level 12 in Bows
  6887 | D:7      | Got a crude leather armour
  6888 | D:7      | Identified the cursed -4 leather armour of the Imp {rC++ rN+ Dex+3 Curse} (You found it on level 7 of the Dungeon)
  7574 | D:7      | Found a staircase to the Ecumenical Temple.
  7585 | Temple   | Entered the Ecumenical Temple
  7672 | Temple   | Became a worshipper of Makhleb the Destroyer
  7711 | D:7      | Paralysed by a giant eyeball for 4 turns
  7723 | D:7      | Reached skill level 1 in Stealth
  8351 | D:8      | Found Duarit's Jewellery Emporium.
  8431 | D:8      | Bought an uncursed ring of protection from magic for 250 gold pieces
  8488 | D:8      | Paralysed by a giant eyeball for 4 turns
  8495 | D:8      | Paralysed by a giant eyeball for 3 turns
  8839 | D:8      | HP: 1/59 [two-headed ogre/dire flail (22)]
  9051 | D:8      | Reached skill level 13 in Bows
  9051 | D:8      | Gained mutation: You have hoof-like feet. [demonic ancestry]
  9051 | D:8      | Reached XP level 10. HP: 44/65 MP: 10/10
  9187 | D:8      | Acquired Makhleb's first power
  9187 | D:8      | Reached skill level 1 in Invocations
  9838 | D:9      | Acquired Makhleb's second power
  9876 | D:9      | Found a basalt altar of Yredelemnul.
 10171 | D:9      | Reached skill level 5 in Invocations
 10701 | D:9      | Acquired Makhleb's third power
 10895 | D:9      | Found a staircase to the Lair.
 10907 | D:9      | the staircase to the Lair was a mimic.
 11408 | D:10     | Entered Level 10 of the Dungeon
 11630 | D:10     | Acquired Makhleb's fourth power
 11691 | D:10     | Found a staircase to the Lair.
 11713 | D:10     | HP: 3/68 [wolf (8)]
 11741 | D:10     | Slain by a wolf

Action                   |  1- 3 |  4- 6 |  7- 9 | 10-12 || total
-------------------------+-------+-------+-------+-------++-------
Melee: Short sword       |     7 |       |       |       ||     7
       Dagger            |     2 |    66 |   252 |   272 ||   592
 Fire: Bow               |    87 |   147 |   393 |   214 ||   841
Throw: Throwing net      |       |       |       |     3 ||     3
Invok: Minor Destruction |       |       |       |     2 ||     2
       Lesser Servant of |       |       |       |     1 ||     1
Evoke: Wand              |       |     1 |     3 |       ||     4
  Use: Scroll            |       |     5 |    19 |       ||    24
       Potion            |       |       |     4 |     9 ||    13
